AoeStats
← CkDexterHaven

Arabia

509265005Analyzed
3v3 RM · 6d ago on Sep 26, 2026· 26m 2s· 6 players
Game mode
Random Map
Map size
Normal (6 player)
Population
200
Speed
Normal
Resources
Standard
Victory
Conquest
Starting age
Dark Age
Ending age
Imperial Age
RankedLock teamsTeams togetherTeam positionsShared explorationLock speedFull tech treeHidden civsTurbo modeCheats
Victory
Defeat
🇺🇸 Saxons · United States
1157
+19
🇺🇸 Varangians · United States
1156
+19
🇺🇸 Mongols · United States
1129
+20
🇺🇸 Vikings · United States
1304
-22
🇺🇸 Varangians · United States
1247
-20
🇺🇸 Teutons · United States
1128
-16
Frogger ✟
6:46 Loom
9:19 Feudal Age
9:21 Man-at-Arms
12:34 Double-Bit Axe
20:36 Castle Age
19:27 Bloodlines
20:15 Scale Barding Armor
23:53 Wheelbarrow
23:51 Husbandry
25:55 Horse Collar
Armageddon002
11:26 Loom
13:11 Feudal Age
15:12 Double-Bit Axe
17:53 Castle Age
16:13 Horse Collar
16:31 Gold Mining
17:45 Fletching
18:18 Bloodlines
21:08 Bodkin Arrow
22:14 Husbandry
22:44 Ballistics
Kermit The Frog
6:23 Loom
9:46 Feudal Age
10:38 Double-Bit Axe
13:34 Fletching
14:21 Padded Archer Armor
14:25 Horse Collar
19:23 Wheelbarrow
23:01 Castle Age
23:45 Bodkin Arrow
23:11 Crossbowman
25:03 Bow Saw
25:41 Leather Archer Armor
kamasm
7:11 Loom
9:34 Feudal Age
10:21 Double-Bit Axe
14:33 Horse Collar
15:38 Fletching
22:02 Castle Age
21:27 Scale Mail Armor
22:50 Gold Mining
22:50 Crossbowman
24:11 Chain Mail Armor
24:29 Squires
24:59 Bodkin Arrow
Dwight5rhute010
6:28 Loom
8:51 Feudal Age
9:28 Double-Bit Axe
13:52 Bloodlines
18:57 Horse Collar
25:28 Castle Age
24:43 Scale Barding Armor
24:49 Forging
26:01 Gold Mining
26:17 Husbandry
26:38 Chain Barding Armor
CkDexterHaven
9:35 Loom
12:26 Feudal Age
19:35 Wheelbarrow
23:32 Castle Age
23:22 Scale Barding Armor
23:29 Forging
23:15 Gold Mining
23:18 Stone Mining
23:59 Bloodlines
25:31 Double-Bit Axe
25:30 Horse Collar
Connection lost

Rejoining the realm…

Still unreachable

The connection could not be restored.

Session expired

The server has moved on; the page needs a fresh start.